Map: Golden Wall LE

Players

JimRising

  • Race: Zerg Zerg
  • League: Grandmaster
  • Spawn Location: 5:00

SpeCial - Winner!

  • Race: Terran Terran
  • Spawn Location: 7:00

Event: DreamHack SC2 Masters 2020 Summer Latin America

VOD

Have the link to the VOD?

Description

Time

  • Played on: June 26, 2020, 4:50 p.m.
  • Length: 10:51

All games in this series

Show
View Real Time Build Order
Export as new Build Order

JimRising Zerg 

Build Orders: Hatch First, Swarm Host, Roach Nydus 

Get SALT Encoding   

  12  0:00  Drone  
  13  0:12  Overlord  
  13  0:17  Drone  
  14  0:30  Drone x2  
  16  0:49  Hatchery  
  15  0:52  Drone  
  15  0:56  Drone  
  17  0:59  Drone  
  18  1:04  Extractor  
  17  1:17  Spawning Pool  
  16  1:19  Drone  
  16  1:22  Drone  
  18  1:28  Drone  
  19  1:39  Drone  
  20  1:49  Overlord  
  20  2:03  Queen x2  
  20  2:04  Zergling x2  
  20  2:05  Zergling x2  
  26  2:10  Drone  
  26  2:12  Drone  
  28  2:21  Drone  
  29  2:23  Drone  
  30  2:33  Drone  
  31  2:39  Queen x2  
  31  2:44  Overlord  
  35  2:45  Drone  
  35  2:49  Overlord  
  36  2:57  Overlord  
  36  3:03  Drone  
  37  3:07  Drone x2  
  37  3:11  Drone  
  40  3:13  Drone x4  
  40  3:17  Drone  
  40  3:19  Drone  
  46  3:22  Drone  
  46  3:26  Lair  
  47  3:33  Roach Warren  
  46  3:42  Queen  
  46  3:43  Overlord  
  46  3:45  Extractor  
  46  3:46  Extractor  
  46  3:47  Drone, Extractor  
  46  3:55  Drone x5  
  51  3:58  Drone  
  52  4:09  Drone x4  
  57  4:10  Drone  
  57  4:12  Overlord  
  57  4:20  Roach x2  
  57  4:21  Roach  
  57  4:23  Roach  
  65  4:34  Infestation Pit, Nydus Network  
  63  4:43  Overlord x2  
  63  4:53  Overlord x2  
  63  4:54  Roach  
  63  4:55  Roach  
  63  4:56  Glial Reconstitution  
  67  5:11  Swarm Host  
  67  5:12  Swarm Host x4  
  82  5:16  Swarm Host  
  85  5:22  Overlord  
  85  5:24  Roach x2  
  85  5:28  Roach  
  91  5:32  Swarm Host  
  94  5:35  Overlord  
  94  5:37  Overlord  
  94  5:41  Nydus Canal  
  94  5:49  Swarm Host  
  94  5:51  Overlord x2  
  95  5:57  Roach x2  
  99  6:04  Roach x2  
  99  6:05  Roach  
  105  6:14  Roach x2  
  105  6:17  Swarm Host x2  
  115  6:23  Overlord  
  115  6:24  Drone  
  115  6:25  Drone  
  117  6:37  Overlord  
  117  6:40  Roach, Swarm Host x2  
  117  6:41  Swarm Host  
  128  6:53  Hatchery, Overlord  
  127  7:05  Roach x3  
  127  7:06  Nydus Canal, Roach  
  127  7:08  Swarm Host  
  122  7:17  Roach  
  122  7:22  Roach x4  
  132  7:25  Evolution Chamber  
  131  7:36  Roach x4  
  139  7:45  Overlord  
  139  7:50  Overlord  
  139  7:52  Zerg Ground Armor Level 1  
  139  7:58  Overseer  
  139  8:06  Drone x3  
  139  8:07  Drone x2  
  139  8:11  Evolution Chamber  
  143  8:18  Queen  
  135  8:27  Nydus Canal  
  135  8:28  Queen x2  
  135  8:30  Drone x5  
  144  8:40  Overlord, Drone x2  
  146  8:52  Roach x4  
  146  8:53  Roach x3  
  160  9:02  Nydus Canal  
  160  9:09  Roach  
  164  9:10  Roach x4  
  156  9:32  Drone  
  156  9:33  Hatchery  
  156  9:39  Roach x3  
  156  9:40  Roach  
  156  9:41  Overlord  
  164  9:49  Roach x2  
  168  9:54  Ravager x3  
  168  9:55  Ravager  
  172  10:01  Nydus Canal  
  172  10:08  Drone x4  
  173  10:31  Overlord x2, Roach x2  
Show
View Real Time Build Order
Export as new Build Order

SpeCial Terran - Winner!

Build Orders: Reaper Expand 

Get SALT Encoding   

  12  0:00  SCV  
  13  0:13  SCV  
  14  0:17  Supply Depot  
  14  0:25  SCV  
  15  0:39  SCV  
  15  0:40  Barracks  
  16  0:44  Refinery  
  16  0:51  SCV  
  17  1:03  SCV  
  18  1:15  SCV  
  19  1:28  Reaper, Orbital Command  
  20  1:42  Command Center  
  20  1:54  SCV  
  20  2:00  Barracks Reactor, Barracks  
  21  2:07  SCV  
  22  2:11  Supply Depot  
  22  2:19  SCV  
  22  2:21  Refinery  
  23  2:28  Factory  
  23  2:32  SCV  
  24  2:37  Marine  
  24  2:38  Marine  
  26  2:45  SCV  
  26  2:49  Barracks Tech Lab  
  27  2:54  Orbital Command  
  27  2:55  Marine  
  27  2:58  Marine  
  29  3:01  SCV  
  31  3:16  Starport  
  31  3:18  SCV  
  31  3:20  SCV, Factory Reactor  
  31  3:23  Marine x2  
  31  3:24  Marine  
  35  3:29  Stimpack  
  35  3:33  Supply Depot  
  35  3:35  SCV  
  35  3:38  SCV  
  37  3:42  Marine x2  
  37  3:43  Marine  
  40  3:50  SCV  
  41  3:57  Supply Depot  
  41  4:00  SCV  
  41  4:02  SCV, Marine x2  
  43  4:04  Engineering Bay, Marine  
  46  4:11  Medivac x2  
  46  4:14  SCV  
  46  4:15  Factory Tech Lab  
  51  4:18  SCV  
  51  4:23  Supply Depot  
  52  4:29  Marine x3  
  54  4:33  SCV x2  
  54  4:38  Refinery, Siege Tank  
  59  4:43  Bunker  
  59  4:47  Marine x3  
  59  4:51  SCV  
  59  4:52  SCV  
  64  4:54  Terran Infantry Weapons Level 1  
  64  5:02  Supply Depot, Barracks  
  64  5:03  SCV  
  64  5:05  SCV  
  66  5:08  Marine  
  66  5:09  Marine x2  
  66  5:11  Combat Shield  
  69  5:16  SCV  
  70  5:24  SCV, Siege Tank  
  70  5:25  Supply Depot  
  74  5:28  Marine  
  74  5:29  Marine  
  74  5:31  Marine  
  77  5:40  SCV, Supply Depot  
  78  5:46  SCV, Medivac, Marine  
  78  5:47  Marine  
  78  5:48  Supply Depot  
  78  5:49  Missile Turret  
  83  5:53  Marine x3  
  84  6:04  Supply Depot, Marine x2  
  84  6:10  Siege Tank  
  84  6:11  Marine x3  
  83  6:22  Marine x2  
  84  6:28  Marine  
  84  6:30  SCV  
  84  6:32  Marine x2  
  88  6:40  Medivac, Marine x2  
  88  6:43  Siege Tank  
  88  6:46  Marine  
  96  6:49  SCV x2  
  96  6:50  Marine  
  99  6:55  Marine  
  99  6:57  Marine  
  99  6:58  Marine  
  99  7:04  Marine  
  99  7:08  Marine  
  100  7:13  Marine  
  102  7:15  Medivac, Marine  
  102  7:16  Marine, Terran Infantry Armor Level 1  
  102  7:19  Supply Depot  
  102  7:22  Marine, Siege Tank  
  110  7:30  SCV  
  110  7:31  SCV, Marine  
  110  7:35  Marine  
  108  7:39  Marine  
  108  7:42  Supply Depot  
  108  7:43  SCV  
  110  7:51  SCV  
  110  7:53  Marine  
  113  8:01  SCV  
  113  8:07  Missile Turret  
  113  8:10  Marine x2  
  113  8:11  Marine  
  113  8:12  Medivac  
  118  8:13  Barracks Reactor, Command Center  
  118  8:17  Medivac  
  110  8:27  SCV x2  
  110  8:28  Marine  
  110  8:30  Armory, Marine x2  
  115  8:35  Siege Tank  
  115  8:38  Refinery  
  118  8:45  Marine, Liberator  
  121  8:48  Marine  
  121  8:49  Marine x2  
  123  8:58  Marine  
  121  9:03  Marine  
  121  9:06  Marine x2  
  121  9:07  Marine  
  125  9:15  Siege Tank  
  125  9:17  Marine  
  126  9:24  Marine, Liberator  
  126  9:25  Supply Depot  
  126  9:26  Supply Depot  
  126  9:30  Marine  
  128  9:41  SCV x2, Marine  
  131  9:47  Marine, Siege Tank  
  131  9:48  Barracks  
  131  9:49  Marine x2, Barracks  
  131  9:51  Marine  
  131  9:52  Supply Depot  
  138  9:54  Orbital Command  
  138  9:55  SCV  
  138  9:56  SCV  
  138  9:59  Marine  
  141  10:05  Marine  
  141  10:07  Marine x2  
  142  10:08  SCV  
  142  10:09  Marine  
  142  10:13  SCV  
  147  10:16  Marine  
  147  10:20  SCV  
  152  10:23  SCV, Marine  
  152  10:24  Marine  
  152  10:25  SCV, Marine  
  152  10:27  Marine  
  158  10:32  SCV  
  158  10:35  SCV  
  161  10:40  Barracks Tech Lab  
Tags
 
Add a new tag
Caveats
  • Supply blocks, unpowered buildings, or Contaminate may cause inaccurate times.
  • Supply counts are checked every 10 seconds.